Canucks vs Devils
Created - May 26, 2024 at 10:01
Goals
|
| Canucks |
1 |
0 |
0 |
1 |
| Devils |
1 |
1 |
1 |
3 |
|
Shots
|
| Canucks |
9 |
14 |
5 |
28 |
| Devils |
12 |
15 |
8 |
35 |
|
1st period
1. Canucks , Jordan Eberle 2 (Alexander Kerfoot 3, J.T. Miller 11) at 6:48
2. Devils , Sean Monahan 6 (Logan Shaw 3, Nazem Kadri 11) at 17:59
Penalties :
No Penalty
2nd period
3. Devils , Tyler Ennis 9 (Nazem Kadri 12, Michael Del Zotto 6) at 5:08
Penalties :
Tony DeAngelo (Van) for Hooking (Minor) at 6:42, Robert Nilsson (Van) for Cross-checking (Minor) at 18:15
3rd period
4. Devils , Eric Tangradi 3 (Anton Lander 3, Thomas Hickey 1) at 7:39
Penalties :
Derek Roy (Van) for Holding (Minor) at 1:23
Goalie Stats
Petr Mrazek (Van), 32 saves from 35 shots - (0.914), L, 0-2-1, 60:00 minutes
Jonathan Quick (N.J), 27 saves from 28 shots - (0.964), W, 4-2-1, 60:00 minutes
Players Stats for Canucks
Player Name G A P +/- PIM S H SB GA TA FO MP PP MP PK MP
------------------------------------------------------------------------------------
Alexander Edler 0 0 0 0 0 3 3 3 1 1 0/0 21:06 0:00 1:53
Alexander Kerfoot 0 1 1 0 0 3 4 0 0 0 15/33 21:20 0:00 1:31
Beau Bennett 0 0 0 -1 0 2 1 0 0 1 0/0 10:11 0:00 0:00
Ben Harpur 0 0 0 0 0 0 1 0 0 3 0/0 21:06 0:00 1:53
Chris Bourque 0 0 0 0 0 1 2 1 1 0 0/0 16:20 0:00 0:44
Denis Gurianov 0 0 0 -1 0 1 0 0 0 0 0/0 8:05 0:00 0:00
Derek Roy 0 0 0 -1 2 1 0 0 0 0 1/3 9:13 0:00 1:02
Gilbert Brule 0 0 0 -1 0 3 1 0 1 1 2/3 10:10 0:00 0:00
Ilya Kovalchuk 0 0 0 0 0 2 1 0 0 1 0/1 16:03 0:00 0:00
J.T. Miller 0 1 1 0 0 1 0 2 0 2 6/12 24:05 0:00 3:53
Jordan Eberle 1 0 1 0 0 3 1 3 0 0 2/2 24:16 0:00 4:04
Lawson Crouse 0 0 0 -1 0 4 1 0 1 0 1/1 8:05 0:00 0:00
Oliver Ekman-Larsson 0 0 0 -2 0 3 0 2 1 0 0/0 28:25 0:00 4:04
Robert Nilsson 0 0 0 0 2 1 2 0 0 1 8/11 16:24 0:00 0:40
Scott Harrington 0 0 0 0 0 0 0 0 0 0 0/0 10:29 0:00 0:00
Teemu Hartikainen 0 0 0 -1 0 0 0 0 0 0 0/0 9:42 0:00 0:00
Tony DeAngelo 0 0 0 0 2 0 0 0 0 0 0/0 10:35 0:00 0:00
Travis Hamonic 0 0 0 -2 0 0 1 3 0 1 0/0 28:25 0:00 4:04
Players Stats for Devils
Player Name G A P +/- PIM S H SB GA TA FO MP PP MP PK MP
------------------------------------------------------------------------------------
Anton Lander 0 1 1 1 0 6 2 1 0 0 2/6 10:11 0:00 0:00
Anton Stralman 0 0 0 1 0 1 1 2 0 1 0/0 15:59 0:00 0:00
Brandon Carlo 0 0 0 1 0 0 0 0 0 1 0/0 19:42 0:00 0:00
Brayden Point 0 0 0 0 0 1 1 0 2 1 3/8 16:12 4:05 0:00
Damon Severson 0 0 0 1 0 0 1 1 1 1 0/0 20:13 3:13 0:00
Eric Tangradi 1 0 1 1 0 1 0 0 1 0 1/2 10:11 0:00 0:00
Jonathan Huberdeau 0 0 0 1 0 0 0 1 1 0 1/1 16:04 1:52 0:00
Logan Shaw 0 1 1 1 0 0 4 1 0 0 0/0 14:10 0:00 0:00
Matt Donovan 0 0 0 0 0 1 1 1 1 0 0/0 20:05 2:44 0:00
Michael Del Zotto 0 1 1 1 0 1 4 0 0 0 0/0 23:56 3:13 0:00
Nail Yakupov 0 0 0 1 0 0 0 0 0 0 1/1 10:15 0:00 0:00
Nazem Kadri 0 2 2 0 0 5 0 0 0 0 19/33 21:50 4:05 0:00
Nick Palmieri 0 0 0 0 0 3 3 0 1 0 1/2 17:33 0:00 0:00
Ondrej Kase 0 0 0 0 0 4 0 1 0 0 0/0 13:49 1:52 0:00
Sean Monahan 1 0 1 1 0 5 0 0 1 0 3/10 16:04 1:52 0:00
Sven Baertschi 0 0 0 0 0 1 1 0 0 0 0/3 11:51 0:00 0:00
Thomas Hickey 0 1 1 0 0 0 3 1 0 1 0/0 20:05 2:44 0:00
Tyler Ennis 1 0 1 0 0 6 2 1 3 0 0/0 21:50 4:05 0:00
3 Stars
1 - Jonathan Quick (N.J)
2 - Tyler Ennis (N.J)
3 - Logan Shaw (N.J)
Power Play
Canucks - 0 on 0 Attempt(s) - 0.00%
Devils - 0 on 3 Attempt(s) - 0.00%
Penalty Kill
Canucks - 3 on 3 Attempt(s) - 100.00%
- Score 0 goal in Penalty Kill
Devils - 0 on 0 Attempt(s) - 0.00%
- Score 0 goal in Penalty Kill
Team Stat
Canucks - Hits : 18 - Faceoff Wins : 35 - Blocked Shots : 14 - Penalty Minutes : 6
Devils - Hits : 23 - Faceoff Wins : 31 - Blocked Shots : 10 - Penalty Minutes : 0
Official
Referees : Wes McCauley and Gord Dwyer
Linesman : Brian Mach and Andrew Smith
Game Notes
7:39 of 3rd period - Devils goal is going for a video replay. After video review, Goal.
Finance
Level 1 -- Attendance: 6000 (100.00%) -- Ticket Income $600,000
Level 2 -- Attendance: 5000 (100.00%) -- Ticket Income $300,000
Level 3 -- Attendance: 2000 (100.00%) -- Ticket Income $70,000
Level 4 -- Attendance: 4000 (100.00%) -- Ticket Income $100,000
Luxury Box -- Attendance: 1000 (100.00%) -- Ticket Income $200,000
Game was played at the Prudential Center.
Total Attendance: 18000 (100.00%)
Total Ticket Income: $1,270,000
Other Income: $190,500
Total Income: $1,460,500
Canucks
5 vs 5 Forward
Center Left Wing Right Wing Time % Phy DF OF
1 Alexander Kerfoot J.T. Miller Jordan Eberle 56 1 2 2
2 Robert Nilsson Chris Bourque Ilya Kovalchuk 30 1 2 2
3 Gilbert Brule Teemu Hartikainen Beau Bennett 10 1 2 2
4 Derek Roy Denis Gurianov Lawson Crouse 4 1 2 2
5 vs 5 Defense
Defense Defense Time % Phy DF OF
1 Oliver Ekman-Larsson Travis Hamonic 56 1 2 2
2 Alexander Edler Ben Harpur 30 1 2 2
3 Tony DeAngelo Scott Harrington 10 1 2 2
4 Oliver Ekman-Larsson Travis Hamonic 4 1 2 2
PowerPlay Forward
Center Left Wing Right Wing Time % Phy DF OF
1 Alexander Kerfoot J.T. Miller Jordan Eberle 60 1 2 2
2 Robert Nilsson Chris Bourque Ilya Kovalchuk 40 1 2 2
PowerPlay Defense
Defense Defense Time % Phy DF OF
1 Oliver Ekman-Larsson Travis Hamonic 60 1 2 2
2 Alexander Edler Ben Harpur 40 1 2 2
Penalty Kill 4 Players Forward
Center Wing Time % Phy DF OF
1 J.T. Miller Jordan Eberle 60 1 2 2
2 Robert Nilsson Derek Roy 40 1 2 2
Penalty Kill 4 Players Defense
Defense Defense Time % Phy DF OF
1 Oliver Ekman-Larsson Travis Hamonic 60 1 2 2
2 Alexander Edler Ben Harpur 40 1 2 2
Penalty Kill - 3 Players Forward
Forward Time % Phy DF OF
1 J.T. Miller 60 1 2 2
2 Jordan Eberle 40 1 2 2
Penalty Kill - 3 Players Defense
Defense Defense Time % Phy DF OF
1 Oliver Ekman-Larsson Travis Hamonic 60 1 2 2
2 Alexander Edler Ben Harpur 40 1 2 2
4 vs 4 Forward
Center Wing Time % Phy DF OF
1 J.T. Miller Jordan Eberle 60 1 2 2
2 Robert Nilsson Derek Roy 40 1 2 2
4 vs 4 Defense
Defense Defense Time % Phy DF OF
1 Oliver Ekman-Larsson Travis Hamonic 60 1 2 2
2 Alexander Edler Ben Harpur 40 1 2 2
Last Minutes Offensive
Center Left Wing Right Wing Defense Defense
Alexander Kerfoot J.T. Miller Jordan Eberle Oliver Ekman-Larsson Travis Hamonic
Last Minutes Defensive
Center Left Wing Right Wing Defense Defense
Alexander Kerfoot J.T. Miller Jordan Eberle Oliver Ekman-Larsson Travis Hamonic
Goaltenders
Starting : Petr Mrazek
Backup : Matt Hackett
Extra Forwards
Normal : Gilbert Brule, Beau Bennett, Alexander Kerfoot - PP : Gilbert Brule, Beau Bennett - PK : Alexander Kerfoot
Extra Defensemen
Normal : Tony DeAngelo, Scott Harrington, Alexander Edler - PP : Tony DeAngelo - PK : Scott Harrington, Alexander Edler
Penalty Shots
J.T. Miller, Jordan Eberle, Robert Nilsson, Derek Roy, Ilya Kovalchuk
Custom OT Lines Forwards
J.T. Miller, Jordan Eberle, Robert Nilsson, Derek Roy, Ilya Kovalchuk, Gilbert Brule, Chris Bourque, Beau Bennett, Alexander Kerfoot, Lawson Crouse
Custom OT Lines Defensemen
Oliver Ekman-Larsson, Travis Hamonic, Alexander Edler, Ben Harpur, Tony DeAngelo
Scratches
Tyler Myers (Sports Hernia Injury)
Devils
5 vs 5 Forward
Center Left Wing Right Wing Time % Phy DF OF
1 Nazem Kadri Tyler Ennis Nick Palmieri 35 0 2 3
2 Sean Monahan Jonathan Huberdeau Logan Shaw 30 0 2 3
3 Brayden Point Sven Baertschi Ondrej Kase 25 0 2 3
4 Anton Lander Eric Tangradi Nail Yakupov 10 0 2 3
5 vs 5 Defense
Defense Defense Time % Phy DF OF
1 Brandon Carlo Michael Del Zotto 38 1 3 1
2 Matt Donovan Thomas Hickey 32 1 3 1
3 Anton Stralman Damon Severson 30 1 3 1
4 Brandon Carlo Damon Severson 0 1 3 1
PowerPlay Forward
Center Left Wing Right Wing Time % Phy DF OF
1 Nazem Kadri Tyler Ennis Brayden Point 60 0 0 5
2 Sean Monahan Jonathan Huberdeau Ondrej Kase 40 0 0 5
PowerPlay Defense
Defense Defense Time % Phy DF OF
1 Michael Del Zotto Damon Severson 60 0 2 3
2 Thomas Hickey Matt Donovan 40 0 2 3
Penalty Kill 4 Players Forward
Center Wing Time % Phy DF OF
1 Anton Lander Eric Tangradi 60 1 3 1
2 Nazem Kadri Tyler Ennis 40 1 3 1
Penalty Kill 4 Players Defense
Defense Defense Time % Phy DF OF
1 Brandon Carlo Anton Stralman 60 1 4 0
2 Matt Donovan Thomas Hickey 40 1 4 0
Penalty Kill - 3 Players Forward
Forward Time % Phy DF OF
1 Nazem Kadri 60 0 4 1
2 Sean Monahan 40 0 4 1
Penalty Kill - 3 Players Defense
Defense Defense Time % Phy DF OF
1 Brandon Carlo Anton Stralman 60 1 4 0
2 Matt Donovan Thomas Hickey 40 1 4 0
4 vs 4 Forward
Center Wing Time % Phy DF OF
1 Nazem Kadri Tyler Ennis 60 0 2 3
2 Sean Monahan Jonathan Huberdeau 40 0 2 3
4 vs 4 Defense
Defense Defense Time % Phy DF OF
1 Anton Stralman Damon Severson 60 0 3 2
2 Brandon Carlo Michael Del Zotto 40 0 3 2
Last Minutes Offensive
Center Left Wing Right Wing Defense Defense
Nazem Kadri Tyler Ennis Nick Palmieri Brandon Carlo Michael Del Zotto
Last Minutes Defensive
Center Left Wing Right Wing Defense Defense
Nazem Kadri Tyler Ennis Nick Palmieri Brandon Carlo Anton Stralman
Goaltenders
Starting : Jonathan Quick
Backup : Thomas McCollum
Extra Forwards
Normal : Brayden Point, Nail Yakupov, Logan Shaw - PP : Nail Yakupov, Nick Palmieri - PK : Nick Palmieri
Extra Defensemen
Normal : Anton Stralman, Brandon Carlo, Michael Del Zotto - PP : Anton Stralman - PK : Anton Stralman, Thomas Hickey
Penalty Shots
Tyler Ennis, Sean Monahan, Nazem Kadri, Brayden Point, Nick Palmieri
Custom OT Lines Forwards
Nazem Kadri, Tyler Ennis, Jonathan Huberdeau, Sean Monahan, Brayden Point, Nick Palmieri, Logan Shaw, Ondrej Kase, Anton Lander, Nail Yakupov
Custom OT Lines Defensemen
Brandon Carlo, Michael Del Zotto, Damon Severson, Anton Stralman, Matt Donovan
Scratches
Kristopher Letang (Strained Right Elbow Injury), Miikka Salomaki (Healthy), Calvin Pickard (Healthy)
% Time on Ice - Canucks
Lines # - Real PCT - Wanted PCT - Time Play
Normal Forward
1 - 38% - 56% - 20:41
2 - 29% - 30% - 15:35
3 - 18% - 10% - 9:42
4 - 15% - 4% - 8:05
Normal Defense
1 - 46% - 56% - 24:45
2 - 36% - 30% - 19:13
3 - 19% - 10% - 10:05
4 - 0% - 4% - 0:00
PP Forward
1 - 0% - 60%
2 - 0% - 40%
PP Defense
1 - 0% - 60%
2 - 0% - 40%
PK Forward
1 - 82% - 60% - 4:51
2 - 18% - 40% - 1:06
PK Defense
1 - 68% - 60% - 4:04
2 - 32% - 40% - 1:53
PK3 Forward
1 - 0% - 60%
2 - 0% - 40%
PK3 Defense
1 - 0% - 60%
2 - 0% - 40%
44 Forward
1 - 0% - 60%
2 - 0% - 40%
44 Defense
1 - 0% - 60%
2 - 0% - 40%
Last Minute Offensive - 0:00
Last Minute Defensive - 0:00
Total
Forward - 60:00
Defense - 60:00
|
% Time on Ice - Devils
Lines # - Real PCT - Wanted PCT - Time Play
Normal Forward
1 - 33% - 35% - 17:49
2 - 26% - 30% - 14:12
3 - 22% - 25% - 11:51
4 - 19% - 10% - 10:11
Normal Defense
1 - 38% - 38% - 20:43
2 - 32% - 32% - 17:21
3 - 30% - 30% - 15:59
4 - 0% - 0% - 0:00
PP Forward
1 - 69% - 60% - 4:05
2 - 31% - 40% - 1:52
PP Defense
1 - 54% - 60% - 3:13
2 - 46% - 40% - 2:44
PK Forward
1 - 0% - 60%
2 - 0% - 40%
PK Defense
1 - 0% - 60%
2 - 0% - 40%
PK3 Forward
1 - 0% - 60%
2 - 0% - 40%
PK3 Defense
1 - 0% - 60%
2 - 0% - 40%
44 Forward
1 - 0% - 60%
2 - 0% - 40%
44 Defense
1 - 0% - 60%
2 - 0% - 40%
Last Minute Offensive - 0:00
Last Minute Defensive - 0:00
Total
Forward - 60:00
Defense - 60:00
|
Play-by-Play
1st period
0:01 of 1st period - Nazem Kadri wins face-off versus Alexander Kerfoot in neutral zone.
0:50 of 1st period - Sven Baertschi is hit by Ben Harpur and loses puck.
0:59 of 1st period - Wrist shot by Teemu Hartikainen.
0:59 of 1st period - Shot Blocked by Thomas Hickey.
1:39 of 1st period - Snap shot by J.T. Miller.
1:39 of 1st period - Shot Misses the Net.
1:41 of 1st period - Wrist shot by J.T. Miller.
1:41 of 1st period - Stopped by Jonathan Quick without a rebound.
1:42 of 1st period - Alexander Kerfoot wins face-off versus Eric Tangradi in Devils zone.
1:43 of 1st period - Wrist shot by Jordan Eberle.
1:43 of 1st period - Stopped by Jonathan Quick without a rebound.
1:44 of 1st period - Alexander Kerfoot wins face-off versus Anton Lander in Devils zone.
1:45 of 1st period - Slapshot by Jordan Eberle.
1:45 of 1st period - Shot Misses the Net.
1:47 of 1st period - Snap shot by Jordan Eberle.
1:47 of 1st period - Stopped by Jonathan Quick without a rebound.
1:48 of 1st period - Alexander Kerfoot wins face-off versus Anton Lander in Devils zone.
1:49 of 1st period - Wrist shot by J.T. Miller.
1:49 of 1st period - Shot Misses the Net.
1:59 of 1st period - Wrist shot by J.T. Miller.
1:59 of 1st period - Shot Blocked by Damon Severson.
4:39 of 1st period - Snap shot by Anton Lander.
4:39 of 1st period - Stopped by Petr Mrazek without a rebound.
4:40 of 1st period - Lawson Crouse wins face-off versus Anton Lander in Canucks zone.
4:40 of 1st period - Lawson Crouse is hit by Michael Del Zotto.
5:06 of 1st period - Anton Lander is hit by Lawson Crouse and loses puck.
5:35 of 1st period - Snap shot by Derek Roy.
5:35 of 1st period - Stopped by Jonathan Quick without a rebound.
5:36 of 1st period - Nazem Kadri wins face-off versus Alexander Kerfoot in Devils zone.
5:41 of 1st period - Backhand shot by Nazem Kadri.
5:41 of 1st period - Shot Misses the Net.
6:48 of 1st period - Wrist shot by Jordan Eberle.
6:48 of 1st period - Goal by Jordan Eberle - Canucks : 1 - Devils : 0.
6:49 of 1st period - Alexander Kerfoot wins face-off versus Nazem Kadri in neutral zone.
7:58 of 1st period - Slapshot by Michael Del Zotto.
7:58 of 1st period - Shot Blocked by Jordan Eberle.
8:04 of 1st period - Wrist shot by Nail Yakupov.
8:04 of 1st period - Shot Blocked by Jordan Eberle.
8:06 of 1st period - Backhand shot by Anton Lander.
8:06 of 1st period - Shot Misses the Net.
8:52 of 1st period - Thomas Hickey is hit by Alexander Edler and loses puck.
9:09 of 1st period - Slapshot by Sean Monahan.
9:09 of 1st period - Stopped by Petr Mrazek with a rebound.
9:34 of 1st period - Icing by Lawson Crouse.
9:35 of 1st period - Nick Palmieri wins face-off versus Derek Roy in Canucks zone.
9:36 of 1st period - Wrist shot by Tyler Ennis.
9:36 of 1st period - Stopped by Petr Mrazek with a rebound.
9:48 of 1st period - Snap shot by Derek Roy.
9:48 of 1st period - Shot Misses the Net.
9:50 of 1st period - Slapshot by Alexander Edler.
9:50 of 1st period - Stopped by Jonathan Quick with a rebound.
9:52 of 1st period - Snap shot by Lawson Crouse.
9:52 of 1st period - Stopped by Jonathan Quick without a rebound.
9:53 of 1st period - Brayden Point wins face-off versus Alexander Kerfoot in Devils zone.
9:53 of 1st period - Brayden Point is hit by Jordan Eberle.
10:03 of 1st period - Wrist shot by Brayden Point.
10:03 of 1st period - Shot Misses the Net.
10:05 of 1st period - Slapshot by Michael Del Zotto.
10:05 of 1st period - Shot Misses the Net.
11:04 of 1st period - Wrist shot by Sean Monahan.
11:04 of 1st period - Stopped by Petr Mrazek with a rebound.
11:06 of 1st period - Snap shot by Logan Shaw.
11:06 of 1st period - Shot Blocked by J.T. Miller.
11:08 of 1st period - Slapshot by Michael Del Zotto.
11:08 of 1st period - Stopped by Petr Mrazek with a rebound.
11:54 of 1st period - Scott Harrington is hit by Matt Donovan and loses puck.
12:09 of 1st period - Off-side.
12:10 of 1st period - Jordan Eberle wins face-off versus Sean Monahan in neutral zone.
12:19 of 1st period - Oliver Ekman-Larsson is hit by Logan Shaw and loses puck.
12:32 of 1st period - Nick Palmieri is hit by Robert Nilsson and loses puck.
12:59 of 1st period - Teemu Hartikainen is hit by Brayden Point and loses puck.
13:57 of 1st period - Robert Nilsson is hit by Nick Palmieri and loses puck.
14:04 of 1st period - Wrist shot by Nick Palmieri.
14:04 of 1st period - Stopped by Petr Mrazek with a rebound.
14:36 of 1st period - Teemu Hartikainen is hit by Logan Shaw and loses puck.
14:45 of 1st period - Snap shot by Sean Monahan.
14:45 of 1st period - Stopped by Petr Mrazek with a rebound.
15:57 of 1st period - Icing by Nazem Kadri.
15:58 of 1st period - Nazem Kadri wins face-off versus Alexander Kerfoot in Devils zone.
15:58 of 1st period - Nazem Kadri is hit by Alexander Kerfoot.
16:14 of 1st period - Wrist shot by Tyler Ennis.
16:14 of 1st period - Shot Blocked by Jordan Eberle.
16:32 of 1st period - Slapshot by Nazem Kadri.
16:32 of 1st period - Stopped by Petr Mrazek without a rebound.
16:33 of 1st period - Robert Nilsson wins face-off versus Sean Monahan in Canucks zone.
16:40 of 1st period - Jonathan Huberdeau is hit by Chris Bourque.
17:25 of 1st period - Snap shot by Robert Nilsson.
17:25 of 1st period - Stopped by Jonathan Quick without a rebound.
17:26 of 1st period - Alexander Kerfoot wins face-off versus Nazem Kadri in Devils zone.
17:41 of 1st period - Snap shot by Nick Palmieri.
17:41 of 1st period - Shot Blocked by Travis Hamonic.
17:59 of 1st period - Snap shot by Sean Monahan.
17:59 of 1st period - Goal by Sean Monahan - Canucks : 1 - Devils : 1.
18:00 of 1st period - Nazem Kadri wins face-off versus Alexander Kerfoot in neutral zone.
18:13 of 1st period - Snap shot by Nick Palmieri.
18:13 of 1st period - Deflect By Nazem Kadri.
18:13 of 1st period - Shot Misses the Net.
18:13 of 1st period - Puck is out of play.
18:14 of 1st period - Sean Monahan wins face-off versus Alexander Kerfoot in Canucks zone.
18:17 of 1st period - Snap shot by Sean Monahan.
18:17 of 1st period - Stopped by Petr Mrazek without a rebound.
18:18 of 1st period - Alexander Kerfoot wins face-off versus Sean Monahan in Canucks zone.
18:27 of 1st period - Snap shot by Alexander Kerfoot.
18:27 of 1st period - Stopped by Jonathan Quick without a rebound.
18:28 of 1st period - Nazem Kadri wins face-off versus Alexander Kerfoot in Devils zone.
18:28 of 1st period - Nazem Kadri is hit by Alexander Kerfoot.
18:38 of 1st period - Snap shot by Tyler Ennis.
18:38 of 1st period - Stopped by Petr Mrazek without a rebound.
18:39 of 1st period - Brayden Point wins face-off versus Alexander Kerfoot in Canucks zone.
19:06 of 1st period - Chris Bourque is hit by Nick Palmieri.
19:57 of 1st period - Slapshot by Sven Baertschi.
19:57 of 1st period - Stopped by Petr Mrazek without a rebound.
19:58 of 1st period - Robert Nilsson wins face-off versus Nazem Kadri in Canucks zone.
Goals for this period are 1 for Canucks vs 1 for Devils.
Shots for this period are 9 for Canucks vs 12 for Devils.
2nd period
0:01 of 2nd period - Alexander Kerfoot wins face-off versus Nazem Kadri in neutral zone.
0:27 of 2nd period - Off-side.
0:28 of 2nd period - Jonathan Huberdeau wins face-off versus Robert Nilsson in neutral zone.
1:02 of 2nd period - Icing by Matt Donovan.
1:03 of 2nd period - Alexander Kerfoot wins face-off versus Sven Baertschi in Devils zone.
1:04 of 2nd period - Snap shot by J.T. Miller.
1:04 of 2nd period - Shot Misses the Net.
1:08 of 2nd period - Backhand shot by Alexander Kerfoot.
1:08 of 2nd period - Stopped by Jonathan Quick without a rebound.
1:09 of 2nd period - Nazem Kadri wins face-off versus Alexander Kerfoot in Devils zone.
1:36 of 2nd period - Oliver Ekman-Larsson is hit by Anton Stralman and loses puck.
1:59 of 2nd period - Slapshot by Sven Baertschi.
1:59 of 2nd period - Deflect By Ondrej Kase.
1:59 of 2nd period - Stopped by Petr Mrazek without a rebound.
2:00 of 2nd period - Gilbert Brule wins face-off versus Brayden Point in Canucks zone.
2:05 of 2nd period - Backhand shot by Teemu Hartikainen.
2:05 of 2nd period - Shot Misses the Net.
2:09 of 2nd period - Snap shot by Gilbert Brule.
2:09 of 2nd period - Stopped by Jonathan Quick with a rebound.
2:11 of 2nd period - Slapshot by Beau Bennett.
2:11 of 2nd period - Stopped by Jonathan Quick without a rebound.
2:12 of 2nd period - Alexander Kerfoot wins face-off versus Nazem Kadri in Devils zone.
2:25 of 2nd period - Snap shot by Tyler Ennis.
2:25 of 2nd period - Shot Misses the Net.
2:39 of 2nd period - Travis Hamonic is hit by Logan Shaw and loses puck.
3:11 of 2nd period - Wrist shot by Ondrej Kase.
3:11 of 2nd period - Shot Blocked by Alexander Edler.
3:54 of 2nd period - Backhand shot by Oliver Ekman-Larsson.
3:54 of 2nd period - Shot Blocked by Anton Lander.
3:56 of 2nd period - Snap shot by Derek Roy.
3:56 of 2nd period - Deflect By Lawson Crouse.
3:56 of 2nd period - Stopped by Jonathan Quick without a rebound.
3:57 of 2nd period - Derek Roy wins face-off versus Sean Monahan in Devils zone.
4:02 of 2nd period - Snap shot by Derek Roy.
4:02 of 2nd period - Shot Misses the Net.
4:04 of 2nd period - Snap shot by Lawson Crouse.
4:04 of 2nd period - Stopped by Jonathan Quick with a rebound.
4:22 of 2nd period - Wrist shot by Denis Gurianov.
4:22 of 2nd period - Shot Misses the Net.
4:24 of 2nd period - Backhand shot by Ben Harpur.
4:24 of 2nd period - Shot Blocked by Anton Stralman.
4:42 of 2nd period - Wrist shot by Denis Gurianov.
4:42 of 2nd period - Stopped by Jonathan Quick with a rebound.
4:44 of 2nd period - Wrist shot by Lawson Crouse.
4:44 of 2nd period - Stopped by Jonathan Quick with a rebound.
4:50 of 2nd period - Slapshot by Oliver Ekman-Larsson.
4:50 of 2nd period - Deflect By Denis Gurianov.
4:50 of 2nd period - Shot Hit the Post.
4:50 of 2nd period - Puck is out of play.
4:51 of 2nd period - Alexander Kerfoot wins face-off versus Nazem Kadri in Devils zone.
4:58 of 2nd period - Wrist shot by Nazem Kadri.
4:58 of 2nd period - Shot Blocked by Travis Hamonic.
5:00 of 2nd period - Slapshot by Tyler Ennis.
5:00 of 2nd period - Shot Misses the Net.
5:02 of 2nd period - Snap shot by Tyler Ennis.
5:02 of 2nd period - Shot Misses the Net.
5:08 of 2nd period - Snap shot by Tyler Ennis.
5:08 of 2nd period - Goal by Tyler Ennis - Canucks : 1 - Devils : 2.
5:09 of 2nd period - Alexander Kerfoot wins face-off versus Nazem Kadri in neutral zone.
6:01 of 2nd period - Backhand shot by Ondrej Kase.
6:01 of 2nd period - Stopped by Petr Mrazek with a rebound.
6:03 of 2nd period - Slapshot by Damon Severson.
6:03 of 2nd period - Shot Misses the Net.
6:05 of 2nd period - Snap shot by Anton Stralman.
6:05 of 2nd period - Stopped by Petr Mrazek with a rebound.
6:09 of 2nd period - Wrist shot by Ondrej Kase.
6:09 of 2nd period - Stopped by Petr Mrazek with a rebound.
6:25 of 2nd period - Snap shot by Anton Lander.
6:25 of 2nd period - Stopped by Petr Mrazek without a rebound.
6:26 of 2nd period - Anton Lander wins face-off versus Alexander Kerfoot in Canucks zone.
6:29 of 2nd period - Snap shot by Nail Yakupov.
6:29 of 2nd period - Shot Blocked by J.T. Miller.
6:42 of 2nd period - Minor Penalty to Tony DeAngelo for Hooking.
6:43 of 2nd period - Nazem Kadri wins face-off versus J.T. Miller in Canucks zone.
7:07 of 2nd period - Icing by Nazem Kadri.
7:08 of 2nd period - Nazem Kadri wins face-off versus J.T. Miller in Devils zone.
7:21 of 2nd period - Snap shot by Sean Monahan.
7:21 of 2nd period - Shot Blocked by Travis Hamonic.
7:23 of 2nd period - Wrist shot by Sean Monahan.
7:23 of 2nd period - Shot Misses the Net.
7:25 of 2nd period - Wrist shot by Jonathan Huberdeau.
7:25 of 2nd period - Shot Blocked by Oliver Ekman-Larsson.
8:01 of 2nd period - Chris Bourque is hit by Thomas Hickey and loses puck.
8:10 of 2nd period - Wrist shot by Tyler Ennis.
8:10 of 2nd period - Stopped by Petr Mrazek with a rebound.
8:12 of 2nd period - Backhand shot by Brayden Point.
8:12 of 2nd period - Deflect By Tyler Ennis.
8:12 of 2nd period - Deflect By Alexander Kerfoot.
8:12 of 2nd period - Stopped by Petr Mrazek with a rebound.
8:14 of 2nd period - Snap shot by Tyler Ennis.
8:14 of 2nd period - Stopped by Petr Mrazek with a rebound.
8:26 of 2nd period - Snap shot by Tyler Ennis.
8:26 of 2nd period - Deflect By Nazem Kadri.
8:26 of 2nd period - Shot Misses the Net.
8:26 of 2nd period - Puck is out of play.
8:27 of 2nd period - J.T. Miller wins face-off versus Sean Monahan in Canucks zone.
8:42 of 2nd period - Penalty to Tony DeAngelo is over, Tony DeAngelo is back on ice.
10:09 of 2nd period - Snap shot by Robert Nilsson.
10:09 of 2nd period - Shot Blocked by Matt Donovan.
10:11 of 2nd period - Wrist shot by Ilya Kovalchuk.
10:11 of 2nd period - Stopped by Jonathan Quick with a rebound.
10:13 of 2nd period - Snap shot by Ilya Kovalchuk.
10:13 of 2nd period - Stopped by Jonathan Quick without a rebound.
10:14 of 2nd period - Robert Nilsson wins face-off versus Nazem Kadri in Devils zone.
10:19 of 2nd period - Snap shot by Robert Nilsson.
10:19 of 2nd period - Shot Blocked by Tyler Ennis.
10:21 of 2nd period - Backhand shot by Oliver Ekman-Larsson.
10:21 of 2nd period - Stopped by Jonathan Quick with a rebound.
11:06 of 2nd period - Snap shot by Gilbert Brule.
11:06 of 2nd period - Shot Blocked by Anton Stralman.
11:08 of 2nd period - Slapshot by Ben Harpur.
11:08 of 2nd period - Shot Misses the Net.
11:10 of 2nd period - Slapshot by Ben Harpur.
11:10 of 2nd period - Shot Misses the Net.
11:12 of 2nd period - Snap shot by Gilbert Brule.
11:12 of 2nd period - Shot Blocked by Jonathan Huberdeau.
12:06 of 2nd period - Sven Baertschi is hit by Alexander Kerfoot.
12:14 of 2nd period - Snap shot by Ondrej Kase.
12:14 of 2nd period - Deflect By Sven Baertschi.
12:14 of 2nd period - Shot Misses the Net.
12:14 of 2nd period - Puck is out of play.
12:15 of 2nd period - Nazem Kadri wins face-off versus Alexander Kerfoot in Canucks zone.
12:42 of 2nd period - Brandon Carlo is hit by Ilya Kovalchuk and loses puck.
13:09 of 2nd period - Brandon Carlo is hit by Gilbert Brule and loses puck.
13:28 of 2nd period - Snap shot by Anton Lander.
13:28 of 2nd period - Stopped by Petr Mrazek without a rebound.
13:29 of 2nd period - Robert Nilsson wins face-off versus Nick Palmieri in Canucks zone.
14:00 of 2nd period - Snap shot by Ondrej Kase.
14:00 of 2nd period - Stopped by Petr Mrazek without a rebound.
14:01 of 2nd period - Alexander Kerfoot wins face-off versus Brayden Point in Canucks zone.
14:10 of 2nd period - Wrist shot by Ondrej Kase.
14:10 of 2nd period - Deflect By Sven Baertschi.
14:10 of 2nd period - Shot Misses the Net.
14:10 of 2nd period - Puck is out of play.
14:11 of 2nd period - Alexander Kerfoot wins face-off versus Nazem Kadri in Canucks zone.
14:43 of 2nd period - Wrist shot by Brayden Point.
14:43 of 2nd period - Stopped by Petr Mrazek with a rebound.
14:45 of 2nd period - Slapshot by Anton Stralman.
14:45 of 2nd period - Shot Blocked by Alexander Edler.
15:04 of 2nd period - Off-side.
15:05 of 2nd period - Gilbert Brule wins face-off versus Nazem Kadri in neutral zone.
15:12 of 2nd period - Slapshot by Beau Bennett.
15:12 of 2nd period - Stopped by Jonathan Quick without a rebound.
15:13 of 2nd period - Nazem Kadri wins face-off versus Alexander Kerfoot in Devils zone.
15:40 of 2nd period - Wrist shot by Nazem Kadri.
15:40 of 2nd period - Shot Misses the Net.
15:42 of 2nd period - Slapshot by Matt Donovan.
15:42 of 2nd period - Stopped by Petr Mrazek with a rebound.
15:44 of 2nd period - Wrist shot by Nazem Kadri.
15:44 of 2nd period - Stopped by Petr Mrazek without a rebound.
15:45 of 2nd period - Robert Nilsson wins face-off versus Sean Monahan in Canucks zone.
15:47 of 2nd period - Icing by Alexander Edler.
15:48 of 2nd period - Sean Monahan wins face-off versus Ilya Kovalchuk in Canucks zone.
16:04 of 2nd period - Off-side.
16:05 of 2nd period - J.T. Miller wins face-off versus Brayden Point in neutral zone.
16:32 of 2nd period - Travis Hamonic is hit by Michael Del Zotto.
16:36 of 2nd period - Wrist shot by Robert Nilsson.
16:36 of 2nd period - Shot Blocked by Logan Shaw.
16:38 of 2nd period - Slapshot by Alexander Edler.
16:38 of 2nd period - Stopped by Jonathan Quick with a rebound.
16:40 of 2nd period - Wrist shot by Chris Bourque.
16:40 of 2nd period - Stopped by Jonathan Quick without a rebound.
16:41 of 2nd period - Alexander Kerfoot wins face-off versus Nazem Kadri in Devils zone.
16:56 of 2nd period - Slapshot by Damon Severson.
16:56 of 2nd period - Shot Blocked by Alexander Edler.
16:58 of 2nd period - Slapshot by Damon Severson.
16:58 of 2nd period - Deflect By Nick Palmieri.
16:58 of 2nd period - Stopped by Petr Mrazek without a rebound.
16:59 of 2nd period - Sean Monahan wins face-off versus Robert Nilsson in Canucks zone.
17:32 of 2nd period - Off-side.
17:33 of 2nd period - J.T. Miller wins face-off versus Brayden Point in neutral zone.
17:36 of 2nd period - Slapshot by Alexander Edler.
17:36 of 2nd period - Stopped by Jonathan Quick without a rebound.
17:37 of 2nd period - Nazem Kadri wins face-off versus Alexander Kerfoot in Devils zone.
17:44 of 2nd period - Alexander Kerfoot is hit by Michael Del Zotto and loses puck.
18:15 of 2nd period - Minor Penalty to Robert Nilsson for Cross-checking.
18:16 of 2nd period - J.T. Miller wins face-off versus Nazem Kadri in Canucks zone.
Goals for this period are 0 for Canucks vs 1 for Devils.
Shots for this period are 14 for Canucks vs 15 for Devils.
3rd period
0:01 of 3rd period - J.T. Miller wins face-off versus Nazem Kadri in neutral zone.
0:04 of 3rd period - Tyler Ennis is hit by Travis Hamonic and loses puck.
0:15 of 3rd period - Penalty to Robert Nilsson is over, Robert Nilsson is back on ice.
0:21 of 3rd period - Snap shot by J.T. Miller.
0:21 of 3rd period - Shot Misses the Net.
0:47 of 3rd period - Michael Del Zotto is hit by Chris Bourque and loses puck.
0:54 of 3rd period - Chris Bourque is hit by Logan Shaw.
1:09 of 3rd period - Off-side.
1:10 of 3rd period - Eric Tangradi wins face-off versus Derek Roy in neutral zone.
1:13 of 3rd period - Alexander Edler is hit by Anton Lander and loses puck.
1:23 of 3rd period - Minor Penalty to Derek Roy for Holding.
1:24 of 3rd period - Nazem Kadri wins face-off versus J.T. Miller in Canucks zone.
1:33 of 3rd period - Off-side.
1:34 of 3rd period - Nazem Kadri wins face-off versus J.T. Miller in neutral zone.
1:49 of 3rd period - Snap shot by Nazem Kadri.
1:49 of 3rd period - Stopped by Petr Mrazek without a rebound.
1:50 of 3rd period - Nazem Kadri wins face-off versus J.T. Miller in Canucks zone.
2:00 of 3rd period - Icing by Damon Severson.
2:01 of 3rd period - Nazem Kadri wins face-off versus J.T. Miller in Devils zone.
2:28 of 3rd period - Snap shot by Nazem Kadri.
2:28 of 3rd period - Stopped by Petr Mrazek without a rebound.
2:29 of 3rd period - J.T. Miller wins face-off versus Sean Monahan in Canucks zone.
3:23 of 3rd period - Penalty to Derek Roy is over, Derek Roy is back on ice.
3:28 of 3rd period - Off-side.
3:29 of 3rd period - Anton Lander wins face-off versus Robert Nilsson in neutral zone.
4:41 of 3rd period - Wrist shot by Derek Roy.
4:41 of 3rd period - Shot Blocked by Ondrej Kase.
5:29 of 3rd period - Wrist shot by Teemu Hartikainen.
5:29 of 3rd period - Shot Misses the Net.
5:31 of 3rd period - Snap shot by Gilbert Brule.
5:31 of 3rd period - Stopped by Jonathan Quick with a rebound.
5:45 of 3rd period - Jordan Eberle is hit by Tyler Ennis.
5:51 of 3rd period - Snap shot by Nazem Kadri.
5:51 of 3rd period - Shot Misses the Net.
5:53 of 3rd period - Slapshot by Brandon Carlo.
5:53 of 3rd period - Deflect By Tyler Ennis.
5:53 of 3rd period - Shot Misses the Net.
5:53 of 3rd period - Puck is out of play.
5:54 of 3rd period - Robert Nilsson wins face-off versus Sven Baertschi in Canucks zone.
5:54 of 3rd period - Robert Nilsson is hit by Damon Severson.
6:05 of 3rd period - Damon Severson is hit by Robert Nilsson and loses puck.
7:02 of 3rd period - Lawson Crouse is hit by Thomas Hickey and loses puck.
7:22 of 3rd period - Oliver Ekman-Larsson is hit by Anton Lander and loses puck.
7:35 of 3rd period - Slapshot by Anton Lander.
7:35 of 3rd period - Stopped by Petr Mrazek with a rebound.
7:37 of 3rd period - Snap shot by Anton Lander.
7:37 of 3rd period - Stopped by Petr Mrazek with a rebound.
7:39 of 3rd period - Snap shot by Eric Tangradi.
7:39 of 3rd period - Devils goal is going for a video replay.
7:39 of 3rd period - The goal is good.
7:39 of 3rd period - Goal by Eric Tangradi - Canucks : 1 - Devils : 3.
7:40 of 3rd period - Nazem Kadri wins face-off versus Alexander Kerfoot in neutral zone.
7:51 of 3rd period - Snap shot by Nazem Kadri.
7:51 of 3rd period - Shot Misses the Net.
8:48 of 3rd period - Teemu Hartikainen is hit by Tyler Ennis and loses puck.
8:55 of 3rd period - Wrist shot by Tyler Ennis.
8:55 of 3rd period - Shot Misses the Net.
9:11 of 3rd period - Wrist shot by Alexander Kerfoot.
9:11 of 3rd period - Deflect By Anton Lander.
9:11 of 3rd period - Stopped by Jonathan Quick with a rebound.
9:19 of 3rd period - Snap shot by J.T. Miller.
9:19 of 3rd period - Shot Misses the Net.
9:31 of 3rd period - Slapshot by Oliver Ekman-Larsson.
9:31 of 3rd period - Stopped by Jonathan Quick with a rebound.
9:39 of 3rd period - Ilya Kovalchuk is hit by Sven Baertschi and loses puck.
10:10 of 3rd period - Oliver Ekman-Larsson is hit by Nick Palmieri and loses puck.
10:39 of 3rd period - Icing by Michael Del Zotto.
10:40 of 3rd period - Alexander Kerfoot wins face-off versus Anton Lander in Devils zone.
11:04 of 3rd period - Wrist shot by Anton Lander.
11:04 of 3rd period - Shot Misses the Net.
11:29 of 3rd period - Icing by Teemu Hartikainen.
11:30 of 3rd period - Nazem Kadri wins face-off versus Gilbert Brule in Canucks zone.
11:39 of 3rd period - Snap shot by Gilbert Brule.
11:39 of 3rd period - Stopped by Jonathan Quick without a rebound.
11:40 of 3rd period - Nazem Kadri wins face-off versus Alexander Kerfoot in Devils zone.
11:46 of 3rd period - Off-side.
11:47 of 3rd period - Nazem Kadri wins face-off versus Alexander Kerfoot in neutral zone.
11:50 of 3rd period - Ben Harpur is hit by Thomas Hickey and loses puck.
13:26 of 3rd period - Slapshot by Anton Lander.
13:26 of 3rd period - Stopped by Petr Mrazek without a rebound.
13:27 of 3rd period - Nail Yakupov wins face-off versus Alexander Kerfoot in Canucks zone.
13:50 of 3rd period - J.T. Miller is hit by Michael Del Zotto and loses puck.
13:57 of 3rd period - Snap shot by Anton Lander.
13:57 of 3rd period - Deflect By Nail Yakupov.
13:57 of 3rd period - Shot Blocked by Oliver Ekman-Larsson.
13:57 of 3rd period - Puck is out of play.
13:58 of 3rd period - Robert Nilsson wins face-off versus Sven Baertschi in Canucks zone.
14:24 of 3rd period - Nick Palmieri is hit by Beau Bennett and loses puck.
14:51 of 3rd period - Logan Shaw is hit by Alexander Kerfoot and loses puck.
15:38 of 3rd period - Nail Yakupov is hit by Alexander Edler and loses puck.
16:11 of 3rd period - Slapshot by Oliver Ekman-Larsson.
16:11 of 3rd period - Stopped by Jonathan Quick with a rebound.
17:04 of 3rd period - Off-side.
17:05 of 3rd period - Brayden Point wins face-off versus Alexander Kerfoot in neutral zone.
17:08 of 3rd period - Slapshot by Anton Stralman.
17:08 of 3rd period - Shot Misses the Net.
17:30 of 3rd period - Wrist shot by Nazem Kadri.
17:30 of 3rd period - Shot Blocked by Chris Bourque.
17:32 of 3rd period - Snap shot by Nazem Kadri.
17:32 of 3rd period - Stopped by Petr Mrazek without a rebound.
17:33 of 3rd period - Jordan Eberle wins face-off versus Nazem Kadri in Canucks zone.
17:56 of 3rd period - Snap shot by Nick Palmieri.
17:56 of 3rd period - Stopped by Petr Mrazek without a rebound.
17:57 of 3rd period - Robert Nilsson wins face-off versus Brayden Point in Canucks zone.
18:08 of 3rd period - Snap shot by Robert Nilsson.
18:08 of 3rd period - Shot Misses the Net.
19:36 of 3rd period - Ondrej Kase is hit by Alexander Edler.
Goals for this period are 0 for Canucks vs 1 for Devils.
Shots for this period are 5 for Canucks vs 8 for Devils.